 Dungeon Crawl Stone Soup version 0.26-a0-346-g33516b1736 (webtiles) character file.

Game seed: 7730576954048279075

182 Glokmah the Distorting Demonspawn (level 5, -2/42 HPs)
             Began as a Demonspawn Abyssal Knight on July 17, 2020.
             Was a Believer of Lugonu.
             Killed by divine providence
             ... invoked by an orc priest
              (12 damage)
             ... on level 3 of the Dungeon.
             The game lasted 00:06:53 (2735 turns).

Glokmah the Distorting Demonspawn (DsAK)            Turns: 2735, Time: 00:06:53

Health: -2/42      AC:  9    Str:  9    XL:     5   Next: 35%
Magic:  8/8        EV: 10    Int: 14    God:    Lugonu [**....]
Gold:   170        SH:  0    Dex: 12    Spells: 4/4 levels left

rFire    . . .     SeeInvis .   p - -2 dagger (curse)
rCold    . . .     Faith    .   (no shield)
rNeg     . . .     Spirit   .   e - +0 ring mail {rPois}
rPois    +         Reflect  .   (helmet restricted)
rElec    .         Harm     .   (no cloak)
rCorr    .                      m - +1 pair of gloves
MR       .....                  (no boots)
Stlth    +.........             (no amulet)
HPRegen  0.14/turn              d - +4 ring of slaying
MPRegen  0.11/turn              k - -4 ring of strength (curse)

@: no status effects
A: horns 1, iridescent scales 1, demonic guardian 1, spiny 1
a: Depart the Abyss, Bend Space, Renounce Religion


You were on level 3 of the Dungeon.
You worshipped Lugonu.
Lugonu was pleased with you.
You visited 1 branch of the dungeon, and saw 3 of its levels.
You visited the Abyss 1 time.

You collected 170 gold pieces.

Inventory:

Hand Weapons
 a - a +2 spear
 l - a +0 war axe
 p - a cursed -2 dagger (weapon)
 q - a +0 trident
Missiles
 b - 75 stones (quivered)
Armour
 e - a +0 ring mail of poison resistance (worn)
 m - a +1 pair of gloves (worn)
 o - a +0 chain mail
Jewellery
 d - a +4 ring of slaying (left hand)
 k - a cursed -4 ring of strength (right hand)
Scrolls
 g - 2 scrolls of fear
 h - 2 scrolls of enchant weapon
 i - 2 scrolls of identify
 n - a scroll of blinking
Potions
 c - 4 potions of curing
 f - a potion of haste
 j - a potion of ambrosia


   Skills:
 + Level 3.7 Fighting
 + Level 2.7 Polearms
 + Level 2.6 Armour
 + Level 2.1 Dodging
 + Level 4.0 Invocations


You had 4 spell levels left.
You didn't know any spells.
Your spell library was empty.

Dungeon Overview and Level Annotations

Branches:
Dungeon (3/15)

Altars:
Trog


Innate Abilities, Weirdness & Mutations

You have a pair of small horns on your head.
You are partially covered in iridescent scales. (AC +2)
A weak demonic guardian rushes to your aid.
You are partially covered in sharp spines.


Message History

Anything else - Cancel.
Gang up on whom?
Press: ? - help, Dir - move target cursor, f/p - orc priest
Aim: an orc priest, wielding a +0 mace (moderately wounded) Attack!
Your iron imp hits the orc priest.
The orc priest completely misses your iron imp.
What are your orders? t - Shout!
Orders for allies: a - Attack new target. p - Attack previous target. r - Retreat! s - Stop attacking. g - Guard the area. f - Follow me.
Anything else - Cancel.
Okay, then.
Your iron imp hits the orc priest!
The orc priest hits your iron imp with a +0 mace.
Your iron imp barely misses the orc priest.
The orc priest miscasts a cantrip.
The orc priest mumbles some strange prayers to Beogh against you.
Beogh smites you!
You die...

##.......#.##...#............<...
.........#.##...##########..#....
.......#.#.##....................
.........#.##..##...#########....
.....#####......#...##### #####
.....+..................#
.....####...........#####
...........[....5#########
......###......#@##......#
...!..# ##.....#.##......#
####### #(.....#.##..oo..#
#......#.##...)..#
#......#5#######.#####..
#......#o#######........
##+#####o[.o.o....#####.
##########.# .#


You could see 2 orc priests, a friendly iron imp (summoned) and a friendly
shadow imp (summoned).

Vanquished Creatures
  A scorpion (D:2)
  4 adders
  2 oozes (D:1)
  3 worms
  2 dart slugs
  A leopard gecko (D:1)
  An orc (D:3)
  A giant cockroach (D:3)
  6 goblins
  8 hobgoblins
  12 jackals
  3 kobolds
  3 quokkas
  5 ball pythons
  7 bats
  4 frilled lizards
  7 rats
70 creatures vanquished.

Vanquished Creatures (collateral kills)
  An orc (D:3)
1 creature vanquished.

Grand Total: 71 creatures vanquished

Notes
Turn   | Place    | Note
-------+----------+-------------------------------------------
     0 | Abyss:1  | Glokmah the Demonspawn Abyssal Knight began the quest for
                  | the Orb.
     0 | Abyss:1  | Reached XP level 1. HP: 18/18 MP: 2/2
    30 | Abyss:1  | Noticed a neqoxec
    31 | Abyss:1  | Noticed an iron imp
    53 | Abyss:1  | Noticed a quasit
    57 | Abyss:1  | Noticed a worldbinder
    59 | Abyss:1  | Noticed an insubstantial wisp
    59 | Abyss:1  | Noticed an insubstantial wisp
    60 | Abyss:1  | Noticed a large abomination
    61 | D:1      | Escaped the Abyss
   244 | D:1      | Reached skill level 1 in Dodging
   396 | D:1      | Gained mutation: You are partially covered in iridescent
                  | scales. (AC +2) [demonic ancestry]
   396 | D:1      | Reached XP level 2. HP: 24/24 MP: 4/4
   413 | D:1      | Reached * piety under Lugonu
   730 | D:1      | Reached skill level 3 in Invocations
   812 | D:1      | Gained mutation: You have a pair of small horns on your
                  | head. [demonic ancestry]
   812 | D:1      | Reached XP level 3. HP: 29/29 MP: 5/5
  1062 | D:2      | Found a bloodstained altar of Trog.
  1409 | D:2      | Noticed a scorpion
  1446 | D:2      | Killed a scorpion
  1446 | D:2      | Gained mutation: You are partially covered in sharp spines.
                  | [demonic ancestry]
  1446 | D:2      | Reached XP level 4. HP: 7/35 MP: 6/6
  1956 | D:2      | Reached ** piety under Lugonu
  2031 | D:2      | Gained mutation: A weak demonic guardian rushes to your
                  | aid. [demonic ancestry]
  2031 | D:2      | Reached XP level 5. HP: 42/42 MP: 7/7
  2472 | D:3      | Reached skill level 4 in Invocations
  2735 | D:3      | Killed from afar by an orc priest

Illustrated notes

Levels and vault maps discovered:
D:1:      minmay_arrival_solitary_statue, layout_loops_ring
D:2:      layout_rooms, bloody_trog
D:3:      layout_basic, amethyst_overflow_temple_binary

Skill      XL: |  1  2  3  4  5 |
---------------+----------------+-----
Dodging        | 1 2 |  2.1
Armour         | 2 |  2.6
Polearms       | 2 |  2.7
Invocations    | 3 4 |  4.0
Fighting       | |  3.7

Action                   |  1- 3 |  4- 6 || total
-------------------------+-------+-------++-------
Melee: Spear             |    88 |       ||    88
       Dagger            |    63 |    66 ||   129
       Headbutt          |    10 |    11 ||    21
Invok: Depart the Abyss  |     1 |       ||     1
  Use: Scroll            |     8 |     4 ||    12
Armor: Leather armour    |     7 |       ||     7
       Ring mail         |    17 |    24 ||    41
       Scale mail        |    23 |       ||    23
Dodge: Dodged            |    60 |    32 ||    92

Table legend:
 A = Non-vault XP
 B = Vault XP
 C = Vault XP percentage of total XP
 D = Non-vault monster count
 E = Vault monster count
 F = Vault count percentage of total count
                 A         B        C        D         E       F
            +---------+---------+-------+---------+---------+-------
      Total |     261 |       0 |   0.0 |      71 |       0 |   0.0
            +---------+---------+-------+---------+---------+-------
        D:1 |      56 |       0 |   0.0 |      25 |       0 |   0.0
        D:2 |     165 |       0 |   0.0 |      32 |       0 |   0.0
        D:3 |      40 |       0 |   0.0 |      14 |       0 |   0.0
            +---------+---------+-------+---------+---------+-------
